 Dungeon Crawl Stone Soup version 0.28-a0-503-g83f2989fac (webtiles) character file.

Game seed: 13431781034216989923

1163 Sargento the Slasher (level 8, -15/70 HPs)
             Began as a Minotaur Berserker on Sept 20, 2021.
             Was a Priest of Trog.
             Killed from afar by Ijyb (37 damage)
             ... with a bolt of acid
             ... on level 5 of the Dungeon.
             The game lasted 00:10:57 (3729 turns).

Sargento the Slasher (Minotaur Berserker)           Turns: 3729, Time: 00:10:59

Health: -15/70     AC: 12    Str: 21    XL:     8   Next: 17%
Magic:  7/7        EV:  9    Int:  4    God:    Trog [***...]
Gold:   164        SH:  0    Dex: 13    Spells: 7/7 levels left

rFire   . . .      SeeInvis .   a - +0 falchion
rCold   . . .      Faith    .   (no shield)
rNeg    . . .      Spirit   .   t - +0 chain mail
rPois   .          Reflect  .   (helmet restricted)
rElec   .          Harm     .   (no cloak)
rCorr   .          Rampage  .   v - +0 pair of gloves
Will    .....                   g - +0 pair of boots
Stlth   ..........              r - amulet of regeneration
HPRegen 1.21/turn               (no ring)
MPRegen 0.10/turn               (no ring)

@: no status effects
A: horns 2, retaliatory headbutt
a: Renounce Religion, Berserk, Trog's Hand


You were on level 5 of the Dungeon.
You worshipped Trog.
Trog was most pleased with you.
You visited 1 branch of the dungeon, and saw 5 of its levels.

You collected 219 gold pieces.
You spent 55 gold pieces at shops.


Innate Abilities, Weirdness & Mutations

You have a pair of horns on your head.
You reflexively headbutt those who attack you in melee.


   Skills:
 + Level 6.0 Fighting
 + Level 6.0 Long Blades
 + Level 3.6 Throwing
 + Level 5.3 Armour
 + Level 4.8 Dodging
 + Level 4.3 Shields


You had 7 spell levels left.
You didn't know any spells.
Your spell library was empty.

Inventory:

Hand Weapons
 a - a +0 falchion (weapon)
Missiles
 f - 19 poisoned darts (quivered)
Armour
 g - a +0 pair of boots (worn)
   (You found it on level 1 of the Dungeon)
 h - a +0 scale mail
   (You found it on level 1 of the Dungeon)
 t - a +0 chain mail (worn)
   (You found it on level 4 of the Dungeon)
 v - a +0 pair of gloves (worn)
   (You found it on level 4 of the Dungeon)
Jewellery
 r - an amulet of regeneration (around neck)
   (You found it on level 2 of the Dungeon)
 x - a +6 ring of intelligence
   (You found it on level 5 of the Dungeon)
Scrolls
 b - a scroll of enchant weapon {!r, unknown}
 c - 7 scrolls of identify {!r, unknown}
 d - 3 scrolls of amnesia {!r, unknown}
 l - 3 scrolls of noise {!r, unknown}
 p - a scroll of brand weapon {!r, unknown}
 q - 3 scrolls of teleportation {!r, unknown}
 u - a scroll of magic mapping {!r, unknown}
Potions
 e - 3 potions of heal wounds
 i - a potion of brilliance {unknown}
 j - 4 potions of might {unknown}
 k - 3 potions of degeneration {unknown}
 m - 2 potions of haste {unknown}
 n - a potion of mutation {unknown}
 o - a potion of cancellation {unknown}
 s - 2 potions of curing
 w - a potion of resistance {unknown}

Dungeon Overview and Level Annotations

Branches:
Dungeon (5/15)
 Temple: D:4-7

Altars:
Ashenzari
Kikubaaqudgha
Uskayaw
Wu Jian
The Shining One

Shops:
D:1 ![

Annotations:
D:4 Grinder
D:5 Ijyb

#g# #.# #.#
#@# #.# #.#
#.# #.# #.#
#.#######.#
#.
#.........#
###########


You could see Ijyb.


Message History

Tha bullfrog zombie be heavily damaged!
Tha bullfrog zombie hits ye!
Tha water moccasin zombie bites ye but does nay damage!
Tha bullfrog zombie closely misses ye!
Ye slice tha bullfrog butt like a ripe choko!
Tha bullfrog zombie be severely damaged!
Tha water moccasin zombie bites ye but does nay damage!
Tha bullfrog zombie closely misses ye!
Ye cut tha bullfrog zombie but do nay damage!
Ye headbutt tha bullfrog zombie!!!
Tha bullfrog zombie be almost destroyed!
Dowan gestures butt-ly while chantin'!
Dowan blinks!!!
Tha water moccasin zombie barely misses ye!
Tha bullfrog zombie closely misses ye!
Ye carve tha bullfrog zombie but do nay damage!
Ye headbutt tha bullfrog zombie!
Ye destroy tha bullfrog zombie!!!
Tha water moccasin zombie bites ye but does nay damage!
Tha water moccasin butt bites ye!
Damage: -4%(-3hp) hp: 88%(54hp) Ye barely miss tha water moccasin zombie!
Tha water moccasin zombie be moderately damaged!
Tha water moccasin zombie bites butt but does nay damage!
Butt cut tha water moccasin zombie inta ribbons!
Yer headbutt misses tha water moccasin zombie!
Tha water moccasin butt be moderately damaged!
Dowan gestures wildly while chantin'!
Dowan blinks!!!
Tha water moccasin zombie closely misses ye!
Ye cut tha water moccasin zombie inta ribbons!
Ye headbutt tha water moccasin zombie, but do nay damage!
Tha water moccasin zombie be heavily damaged!
Dowan hits ye but does nay damage!
Tha water moccasin zombie bites butt but does nay damage!
Dowan closely misses ye!
Ye furiously retaliate!!!
Ye headbutt Dowan!!!
Ye cut Dowan but do nay damage!
Dowan be heavily wounded!
Tha water moccasin zombie bites ye!
Dowan barely misses ye!
Ye barely miss Dowan!
Dowan be heavily wounded!
Dowan gestures wildly while chantin'!
Dowan blinks!!!
Tha water moccasin zombie completely misses ye!
Ye furiously retaliate!!!
Ye headbutt tha water moccasin zombie!!!
Tha water moccasin zombie bites ye!
Ye slice tha water moccasin zombie like a ripe choko!!!
Ye destroy tha butt moccasin zombie!!!
Yer Armour skill increases ta level 5!!!
Yer Shields skill increases ta level 4!!!
Butt gestures at ye while chantin'!
Tha shard o' ice misses ye!
Dowan gestures wildly while chantin'!
Dowan blinks!!!
Yer chain mail prevents ye from hittin' Dowan!
Yer headbutt misses Dowan!
Dowan be heavily wounded!
Dowan barely misses ye!
Dowan completely misses ye!
Ye furiously retaliate!!!
Ye headbutt Butt!
Ye closely miss Dowan!
Dowan be heavily wounded!
Dowan hits ye butt does nay damage!
Ye cut Dowan inta ribbons!!!
Ye annihilate Dowan!!!
Trog butts yer killin' o' a magic user!
Ye haf reached level 8!!!
Ye feel agile!
Thin's tha be 'ere: a +0 dagger; a +0 robe Butt command!
Thin's tha be 'ere: a +0 short sword; a +0 leathar armour
j - 3 white potions (gain'd 1)
An ufetubus comes inta view!
Tha ufetubus shouts!!!
Tha ufetubus moves outta view!
Nay target in view!!!
Unknown command!
Ye carve tha ufetubus like a ham!
Tha ufetubus be heavily wounded!
Tha ufetubus barely misses ye!
Ye furiously retaliate!!!
Ye headbutt tha ufetubus!!!
Ye annihilate tha ufetubus!!!
Nay target in view!!!
Found an 'scape hatch in tha floor!
Thar be an 'scape hatch in tha floor 'ere!
A sky beast comes inta view!
Tha sky beast flickers outta sight!!!
Deactivatin' autopickup; reactivate wit' Ctrl-A!
Nay target in view!!!
Nay target in view!!!
Nay target in view!!!
Ye closely miss somethin'!
Somethin' hits ye but does nay damage!
Ye butt-ly miss somethin'!
Somethin' hits ye but does nay damage!
Ye miss somethin'!
Ye headbutt somethin'!!!
Somethin' hits ye but does nay damage!
Ye slice somethin' but do nay damage!
Ye headbutt somethin'!!!
Somethin' hits ye but does nay damage!
Yer chain mail prevents ye from hittin' somethin'!
Somethin' hits ye but does nay damage!
Ye slice somethin' like a ripe choko!
Yer headbutt misses somethin'!
Somethin' hits ye!
Somethin' shocks ye!
Damage: -10%(-7hp) hp: 90%(63hp) Ye miss somethin'!
Somethin' hits ye but does nay damage!
Ye barely miss somethin'!
Ye headbutt somethin'!
Somethin' hits ye!
Somethin' shocks ye!
Damage: -9%(-6hp) hp: 83%(58hp) Ye slice somethin' but do nay damage!
Somethin' hits butt but does nay damage!
Ye chop somethin' inta pieces!
Somethin' hits ye but does nay damage!
Butt miss somethin'!
Somethin' hits ye but does nay damage!
Ye barely miss somethin'!
Somethin' hits ye but does nay damage!
Ye closely miss somethin'!
Somethin' hits ye but does nay damage!
Ye chop somethin' butt butt nay damage!
Somethin' hits ye but does nay damage!
A sky beast appears from thin air!!!
Reactivatin' autopickup!
Tha sky beast hits ye but does nay damage!
Ye op'n tha sky beast like a pillowcase!
Tha sky beast be almost dead!
Tha sky beast hits ye but does nay damage!
Unknown command!
Ye op'n tha sky beast but do nay damage!
Tha sky beast be almost dead!
Tha sky beast barely misses ye!
Ye furiously retaliate!!!
Ye headbutt tha sky beast!!!
Ye annihilate tha sky beast!!!
Yer Fightin' skill increases ta level 6!!!
Yer Long Blades skill increases ta level 6!!!
A quokka comes inta view!
Tha quokka twitches its whiskers!
Ye slice tha quokka like a ripe choko!
Tha quokka be moderately wounded!
Tha quokka closely misses ye!
Yer chain butt prevents ye from hittin' tha quokka!
Yer headbutt misses tha quokka!
Tha quokka be moderately wounded!
Tha quokka bites ye but does nay damage!
Ye barely miss tha quokka!
Ye headbutt tha quokka!
Tha quokka be severely wounded!
Tha quokka barely misses ye!
Ye furiously retaliate!!!
Ye headbutt tha quokka!!!
Ye annihilate tha quokka!!!
Nay target in view!!!
Found 19 slin' bullets!
Ye now haf 149 butt pieces (gain'd 2)!
Found a brok'n altar o' Ashenzari!
Ye now haf 164 gold pieces (gain'd 15)!
Ye see 'ere 19 slin' bullets!
Ye see 'ere a +0 mace!
Found an 'scape hatch in tha ceilin'!
Butt a glowin' gilded rin'!
j - 4 white potions (gain'd 1)
x - a +6 rin' o' intelligence An iguana comes inta view!
Tha iguana bites ye but does nay damage!
Ye slice tha iguana like a ripe choko!
Tha iguana be lightly wounded!
Tha iguana bites ye!
Damage: -4%(-3hp) hp: 96%(67hp) Ye barely miss tha iguana!
Ye headbutt tha iguana!!!
Tha iguana be severely wounded!
Tha iguana barely misses ye!
Ye barely miss tha iguana!
Tha iguana be severely wounded!
Tha iguana closely misses ye!
Ye barely miss tha iguana!
Tha iguana be severely wounded!
Tha iguana closely misses ye!
Ye cut tha iguana inta ribbons!
Ye headbutt tha iguana, but do nay damage!
Tha iguana be almost dead!
Tha iguana barely misses ye!
Ye slice tha iguana like a ripe choko!
Ye annihilate tha iguana!!!
Ijyb tha Twisted Goblin comes inta view!
She be wieldin' a +0 club an' carryin' a wand o' acid (7)!
Ijyb shouts!!!
Ijyb zaps a wand!
Tha bolt o' acid hits ye!!!!!!!!!
Ouch!!!
Tha re'lly hurt!!!
* * * LOW HITPOINT WARNIN'
* * * Huge Dmg: -57%(-40hp) hp: 43%(30hp) Ijyb zaps a wand!
Tha bolt o' acid hits ye!!!
* * * LOW HITPOINT WARNIN'
* * * Huge Dmg: -13%(-9hp) hp: 30%(21hp) Ijyb zaps a wand!
Tha bolt o' acid hits ye!!!!!!!!!
Ouch!!!
Tha re'lly hurt!!!
Ye die!!!

Levels and vault maps discovered:
D:1:      minmay_arrival_diagonal_passages, layout_basic, serial_shops,
          nicolae_shop_behind_doors, nicolae_shop_crystal,
          nicolae_shop_waterfront
D:2:      layout_loops_ring, basic_altar,
          shapermc_ecumenical_altar_mp_ritualfount, minmay_goblin_kobold_house
D:3:      layout_basic, gammafunk_temple_overflow_elements,
          nicolae_uskayaw_suspiria, minmay_misc_feat_cross, nrook_mini_vaults
D:4:      layout_loops_cross, feat_on_display, uniq_grinder
D:5:      layout_loops_ring, nicolae_overflow_hidden_temple, minmay_checkerbox,
          uniq_duvessa, uniq_ijyb

Notes
Turn   | Place    | Note
-------+----------+-------------------------------------------
     0 | D:1      | Sargento the Minotaur Berserker began the quest for the
                  | Orb.
     0 | D:1      | Reached XP level 1. HP: 19/19 MP: 0/0
   576 | D:1      | Reached XP level 2. HP: 27/27 MP: 1/1
   586 | D:1      | Found Lofux's Armour Shop.
   789 | D:1      | Found Femmat's Weapon Shoppe.
   921 | D:1      | Found Umairphe's Distillery.
   924 | D:1      | Bought a potion of heal wounds for 55 gold pieces
  1514 | D:2      | Found an ornate altar of the Wu Jian Council.
  1565 | D:2      | Reached ** piety under Trog
  1622 | D:2      | Reached XP level 3. HP: 30/33 MP: 2/2
  1743 | D:2      | Found a faded altar of an unknown god.
  1806 | D:2      | Reached skill level 1 in Shields
  2263 | D:3      | Reached skill level 1 in Throwing
  2426 | D:3      | Found an ancient bone altar of Kikubaaqudgha.
  2426 | D:3      | Found a glowing golden altar of the Shining One.
  2484 | D:3      | Reached XP level 4. HP: 40/40 MP: 3/3
  2837 | D:3      | Reached XP level 5. HP: 47/47 MP: 4/4
  2856 | D:3      | Found a hide-covered altar of Uskayaw.
  2956 | D:4      | Noticed a black bear
  2976 | D:4      | Killed a black bear
  2977 | D:4      | Reached XP level 6. HP: 14/53 MP: 5/5
  3249 | D:4      | Reached skill level 5 in Fighting
  3249 | D:4      | Reached skill level 5 in Long Blades
  3397 | D:4      | Noticed Grinder
  3400 | D:4      | You fall into a shaft and drop 1 floor!
  3400 | D:5      | Entered Level 5 of the Dungeon
  3409 | D:5      | Reached XP level 7. HP: 59/61 MP: 6/6
  3414 | D:5      | Reached *** piety under Trog
  3485 | D:5      | Noticed Duvessa
  3485 | D:5      | Noticed Dowan
  3498 | D:5      | Killed Duvessa
  3509 | D:5      | Reached skill level 5 in Armour
  3515 | D:5      | Killed Dowan
  3516 | D:5      | Reached XP level 8. HP: 70/70 MP: 7/7
  3623 | D:5      | Found a broken altar of Ashenzari.
  3726 | D:5      | Noticed Ijyb
  3729 | D:5      | Killed from afar by Ijyb

Vanquished Creatures
  Duvessa (D:5)
  A sky beast (D:5)
  2 black bears
  An ogre (D:4)
  A phantom (D:4)
  2 centaurs (D:5)
  A scorpion (D:5)
  A water moccasin zombie (D:5)
  Dowan (D:5)
  A bullfrog zombie (D:5)
  A bullfrog skeleton (D:3)
  An iguana (D:5)
  An orc wizard (D:4)
  A hound zombie (D:5)
  6 gnolls
  A howler monkey skeleton (D:5)
  2 adders (D:3)
  An ufetubus (D:5)
  An adder skeleton (D:4)
  2 worms (D:3)
  2 dart slugs
  3 orcs (D:4)
  5 endoplasms
  7 hobgoblins
  3 kobolds
  8 quokkas
  3 ball pythons
  4 bats
  8 goblins
  7 rats
79 creatures vanquished.

Action                   |  1- 3 |  4- 6 |  7- 9 || total
-------------------------+-------+-------+-------++-------
Melee: Falchion          |   102 |    76 |    81 ||   259
       Headbutt          |    11 |    15 |    22 ||    48
Invok: Berserk           |     1 |     1 |       ||     2
       Trog's Hand       |       |       |     1 ||     1
Armor: Animal skin       |     2 |       |       ||     2
       Scale mail        |    32 |    24 |       ||    56
       Chain mail        |       |    18 |    69 ||    87
Dodge: Dodged            |    55 |    44 |    43 ||   142
